 Dungeon Crawl Stone Soup version 0.27-a0-1529-g1e82c303ef (webtiles) character file.

Game seed: 5570153873410908148

77235 quinnr the Cloud Mage (level 15, 0/89 HPs)
             Began as a Tengu Air Elementalist on July 11, 2021.
             Was a High Priest of Ashenzari.
             Killed by an exploding ball lightning (14 damage)
             ... on level 1 of the Orcish Mines.
             The game lasted 02:03:03 (40142 turns).

quinnr the Cloud Mage (Tengu Air Elementalist)     Turns: 40142, Time: 02:03:04

Health: 0/89       AC:  7    Str:  9    XL:     15   Next: 56%
Magic:  23/29      EV: 20    Int: 22    God:    Ashenzari [*****.]
Gold:   2016       SH: 10    Dex: 14    Spells: 11/33 levels left

rFire    . . .     SeeInvis +   U - staff of air (curse) {Cun, Range}
rCold    + . .     Faith    .   J - +0 buckler "Prophetic Lifelessness" {Bglg, Melee} (curse)
rNeg     . . .     Spirit   .   Z - +1 robe of the Fated Doubts {rC+, Melee, Self} (curse)
rPois    +         Reflect  +   X - +2 hat "Lashed Together" {Stlth+, Self, Range} (curse)
rElec    +         Harm     .   i - +1 cloak {Stlth+}
rCorr    +         Rampage  .   (no gloves)
Will     +....     Clarity  +   (boots unavailable)
Stlth    ++++++....             Q - amulet "Suspicion of Ashenzari" {Reflect SH+5, Evo, Elem} (curse)
HPRegen  0.24/turn              L - ring "Shattered Fetters" {rCorr, Cun, Bglg} (curse)
MPRegen  0.21/turn              G - ring "Ruined Gnosis" {rPois, Comp, Self} (curse)

@: flying quickly and evasively, quick
A: beak, talons 3, nimble flight
a: Renounce Religion, Curse Item, Shatter the Chains


You were on level 1 of the Orcish Mines.
You worshipped Ashenzari.
Ashenzari was extremely pleased with you.
You visited 4 branches of the dungeon, and saw 22 of its levels.
You also visited: Sewer, Bailey and Gauntlet.

You collected 2286 gold pieces.
You spent 270 gold pieces at shops.

Inventory:

Missiles
 f - 7 silver boomerangs
 B - 9 atropa-tipped darts
 H - 2 throwing nets
 R - 11 silver javelins
Armour
 i - a +1 cloak of stealth (worn)
 J - the cursed +0 buckler "Prophetic Lifelessness" (worn) {Bglg, Melee}
   (You found it on level 7 of the Dungeon)

   It has a curse which improves the following skills: Beguiling: Conjurations,
   Hexes and Translocations.
   Melee Combat: Short Blades, Long Blades, Axes, Maces & Flails, Polearms,
   Staves and Unarmed Combat.
 X - the cursed +2 hat "Lashed Together" (worn) {Stlth+, Self, Range}
   (You took it off Gastronok on level 2 of the Lair of Beasts)

   It has a curse which improves the following skills: Introspection: Fighting
   and Spellcasting.
   Ranged Combat: Slings, Bows, Crossbows and Throwing.
 Z - the cursed +1 robe of the Fated Doubts (worn) {rC+, Melee, Self}
   (You took it off Fannar on level 3 of the Lair of Beasts)

   It has a curse which improves the following skills: Melee Combat: Short
   Blades, Long Blades, Axes, Maces & Flails, Polearms, Staves and Unarmed
   Combat.
   Introspection: Fighting and Spellcasting.
Magical Staves
 U - a cursed staff of air (weapon) {Cun, Range}
Jewellery
 g - a ring of ice
 m - the amulet of Itriji {rElec Regen+ rCorr Str+6 Stlth-}
   (You took it off a minotaur in a Gauntlet)

   [amulet of regeneration]

   Str:       It affects your strength (+6).
   rElec:     It insulates you from electricity.
   Regen:     It increases your rate of health regeneration.
   rCorr:     It protects you from acid and corrosion.
   Stlth:     It makes you less stealthy.
 n - a ring of positive energy
 G - the cursed ring "Ruined Gnosis" (right hand) {rPois, Comp, Self}
   (You found it on level 7 of the Dungeon)

   [ring of poison resistance]

   rPois:     It protects you from poison.
   It has a curse which improves the following skills: Companions: Summonings
   and Necromancy.
   Introspection: Fighting and Spellcasting.
 L - the cursed ring "Shattered Fetters" (left hand) {rCorr, Cun, Bglg}
   (You found it on level 8 of the Dungeon)

   [ring of resist corrosion]

   rCorr:     It protects you from acid and corrosion.
   It has a curse which improves the following skills: Cunning: Dodging and
   Stealth.
   Beguiling: Conjurations, Hexes and Translocations.
 M - a ring of positive energy
 N - a ring of positive energy
 Q - the cursed amulet "Suspicion of Ashenzari" (around neck) {Reflect SH+5, Evo, Elem}
   (You found it on level 11 of the Dungeon)

   [amulet of reflection]

   It reflects blocked missile attacks.
   SH:        It affects your SH (+5).
   It has a curse which improves the following skills: Evocations: Evocations.
   Elements:  Fire Magic, Ice Magic, Air Magic and Earth Magic.
 T - a ring of fire
 W - a ring of wizardry
Wands
 l - a wand of paralysis (6)
 y - a wand of flame (68)
 A - a wand of acid (9)
 D - a wand of mindburst (18)
 S - a wand of iceblast (12)
Scrolls
 j - 4 scrolls of immolation
 k - 8 scrolls of teleportation
 o - 4 scrolls of enchant armour
 r - 5 scrolls of enchant weapon
 s - 3 scrolls of fog
 w - 2 scrolls of holy word
 x - 2 scrolls of summoning
 E - 4 scrolls of magic mapping
 F - a scroll of vulnerability
 K - a scroll of blinking
 P - a scroll of silence
Potions
 b - 4 potions of haste
 d - 8 potions of curing
 h - a potion of brilliance
 p - 2 potions of magic
 q - 6 potions of attraction
 t - 3 potions of mutation
 u - 3 potions of invisibility
 v - 5 potions of lignification
 z - a potion of might
 C - a potion of cancellation
 I - 4 potions of ambrosia
 O - 2 potions of heal wounds
Miscellaneous
 a - a lightning rod (4/4)
 c - a tin of tremorstones (2/2)
 e - a phial of floods
 V - a box of beasts (inert)


   Skills:
 - Level 4.0(8.8) Fighting
 - Level 1.0(3.2) Short Blades
 - Level 1.2 Armour
 + Level 6.1(10.2) Dodging
 - Level 4.0(7.7) Stealth
 - Level 3.2 Shields
 + Level 4.8(9.8) Spellcasting
 + Level 18.9(22.0) Conjurations
 - Level 23.1(24.8) Air Magic
 - Level 3.1(5.4) Evocations


You had 11 spell levels left.
You knew the following spells:

 Your Spells              Type           Power      Damage    Failure   Level
a - Shock                 Conj/Air       100%       1d9       0%          1
b - Airstrike             Air            55%        N/A       0%          4
c - Chain Lightning       Conj/Air       53%        3d71      41%         9
d - Searing Ray           Conj           100%       3d7       0%          2
e - Conjure Ball Lightni  Conj/Air       53%        3x3d18    1%          6

Your spell library contained the following spells:

 Spells                   Type           Power      Damage    Failure   Level
 Magic Dart               Conj           100%       1d8       0%          1
 Static Discharge         Conj/Air       100%       N/A       0%          2
 Swiftness                Air            100%       N/A       0%          3
 Fulminant Prism          Conj/Hex       28%        3d14      1%          4
 Irradiate                Conj/Tmut      28%        3d23      1%          5
 Iskenderun's Battlesphe  Conj           82%        2d13      1%          5
 Sandblast                Erth           24%        2d8       6%          1
 Blink                    Tloc           N/A        N/A       9%          2
 Ensorcelled Hibernation  Hex/Ice        24%        N/A       9%          2
 Passwall                 Tmut/Erth      9%         N/A       10%         2
 Iron Shot                Conj/Erth      28%        9d6       11%         6
 Lesser Beckoning         Tloc           6%         N/A       16%         3
 Portal Projectile        Hex/Tloc       26%        N/A       16%         3
 Call Canine Familiar     Summ           12%        N/A       19%         3
 Spider Form              Tmut/Pois      5%         N/A       21%         3
 Leda's Liquefaction      Hex/Erth       6%         N/A       50%         4
 Spellforged Servitor     Conj/Summ      28%        N/A       50%         7
 Manifold Assault         Tloc           13%        N/A       83%         5
 Lee's Rapid Deconstruct  Erth           6%         3d7*      86%         5
 Blade Hands              Tmut           5%         N/A       88%         5
 Shadow Creatures         Summ           N/A        N/A       100%        6
 Dragon Form              Tmut           5%         N/A       100%        7
 Discord                  Hex            6%         N/A       100%        8
 Disjunction              Tloc           6%         N/A       100%        8
 Fire Storm               Conj/Fire      28%        8d7       100%        9


Dungeon Overview and Level Annotations

Branches:
Dungeon (13/15)            Temple (1/1) D:4            Lair (6/6) D:11
  Swamp (0/4) Lair:4       Spider (0/4) Lair:2        Slime (0/5) Lair:5
    Orc (2/2) D:10          Sewer (visited)          Bailey (visited)
Gauntlet (visited)
    Elf: Orc:2       Vaults: D:13-14

Altars:
Ashenzari
Cheibriados
Dithmenos
Elyvilon
Fedhas
Gozag
Hepliaklqana
Kikubaaqudgha
Makhleb
Nemelex Xobeh
Okawaru
Qazlal
Ru
Sif Muna
Trog
Uskayaw
Vehumet
Wu Jian
Xom
Yredelemnul
Zin
The Shining One
Beogh
Lugonu

Shops:
D:4 (((=!   D:5 (

Portals:
Abyss: Lair:1

Annotations:
D:6 1 runed translucent door, Crazy Yiuf
Orc:2 3 runed translucent doors


Innate Abilities, Weirdness & Mutations

You have a beak for a mouth.
You have claws for feet.
Your magical nature lets you fly swiftly and evasively.


Message History

* * * LOW HITPOINT WARNING * * *
Unknown command.
Casting: Shock (safe; 0% risk of failure)
Confirm with . or Enter, or press ? or * to list all spells.
You feel a surge of power!
You create some ball lightning! 3 ball lightnings come into view.
You block the two-headed ogre's attack. The two-headed ogre closely misses you.
Unknown command.
Okay, then.
You swap places.
Your ball lightning explodes!
The blast of lightning engulfs you! You resist.
* * * LOW HITPOINT WARNING * * *
The blast of lightning engulfs the two-headed ogre!!
The two-headed ogre is heavily wounded.
The blast of lightning engulfs your ball lightning.
Your ball lightning completely resists.
The blast of lightning engulfs the ogre mage!!
The ogre mage is severely wounded.
The blast of lightning engulfs your ball lightning.
Your ball lightning completely resists.
Unknown command.
Unknown command.
Unknown command.
Unknown command.
You feel better.
Your ball lightning explodes!
The blast of lightning engulfs your ball lightning.
Your ball lightning completely resists.
The blast of lightning engulfs the ogre mage!!!
You kill the ogre mage!
The blast of lightning engulfs the two-headed ogre!!
The two-headed ogre is almost dead.
The blast of lightning engulfs you. You resist.
* * * LOW HITPOINT WARNING * * *
Your ball lightning explodes!
The blast of lightning engulfs the two-headed ogre!!
You kill the two-headed ogre!
The blast of lightning engulfs you! You resist.
You die...

####......###.#........#..
####........#..#..........
#####.................##..
###...............)....###
##................)....#.#
##.........>.......)#......
##.........).....)[.......[.
##.#........).............#.#
##.....#.....@.............##.
###.#.#.....#......[........##
##.##...#................#..###
#.........................#####
##.##...........#.........#####
####.......#...##.....#.#####
#####.#....#..###....##.####
#####.........#.....#...##
#####..............#...###


There were no monsters in sight!

Vanquished Creatures
  Gastronok (Lair:2)
  Nessos (D:12)
  An entropy weaver (Gauntlet)
  A minotaur (Gauntlet)
  Fannar (Lair:3)
  7 hydras
  3 catoblepae
  An ogre mage (Orc:1)
  A centaur warrior (D:11)
  A boulder beetle (D:12)
  3 death yaks (D:10)
  9 two-headed ogres
  2 lindwurms
  Pikel (D:5)
  4 orc knights (Bailey)
  4 oklob plants (Lair:3)
  2 cyclopes
  A manticore (D:12)
  18 elephants
  5 black mambas
  A smoke demon (Gauntlet)
  A torpor snail (Lair:2)
  2 rime drakes
  An ice statue (Lair:6)
  An unseen horror (D:11)
  32 cane toads
  An ice devil (Lair:6)
  7 komodo dragons
  A freezing wraith (D:10)
  A queen bee (Lair:3)
  4 polar bears
  5 trolls
  A jumping spider (Gauntlet)
  3 hornets
  Grinder (D:5)
  5 tyrant leeches (Lair:6)
  31 blink frogs
  A meliai zombie (D:10)
  5 dream sheep (Lair:6)
  2 redbacks (Lair:2)
  A vampire (D:9)
  A spriggan (D:12)
  45 yaks
  A tarantella (shapeshifter) (D:13)
  2 wyverns
  A wraith (D:12)
  5 basilisks
  A steam dragon (D:8)
  8 vampire mosquitoes
  A warg (Orc:1)
  An acid dragon (D:10)
  9 water moccasins
  Purgy (Sewer)
  8 ice beasts
  9 orc warriors
  A black bear (Lair:2)
  4 ogres
  9 centaurs
  23 wolves
  Blork the orc (D:6)
  32 bullfrogs
  2 gnoll sergeants
  A scorpion (D:5)
  22 killer bees
  3 electric eels (D:11)
  3 wights
  3 howler monkeys
  3 crimson imps (Gauntlet)
  A centaur zombie (D:7)
  4 hounds
  7 orc priests
  A centaur skeleton (D:7)
  2 jellies
  4 iguanas
  13 orc wizards
  A hell rat (D:11)
  A howler monkey zombie (D:5)
  A howler monkey skeleton (D:6)
  7 gnolls
  2 river rats (D:11)
  5 adders
  3 white imps
  3 ufetubi
  2 adder zombies (D:5)
  2 adder skeletons
  3 worms
  2 dart slugs
  56 orcs
  10 endoplasms
  3 giant cockroaches
  5 goblins
  10 hobgoblins
  7 kobolds
  6 quokkas
  6 ball pythons
  13 bats
  3 rats
  A lurking horror (Lair:1)
558 creatures vanquished.

Vanquished Creatures (collateral kills)
  A ball lightning (Lair:6)
1 creature vanquished.

Vanquished Creatures (others)
  92 ball lightnings
  A bush (Lair:3)
  59 fungi
  170 plants
322 creatures vanquished.

Grand Total: 881 creatures vanquished

Notes
Turn   | Place    | Note
-------+----------+-------------------------------------------
     0 | D:1      | quinnr the Tengu Air Elementalist began the quest for the
                  | Orb.
     0 | D:1      | Reached XP level 1. HP: 10/10 MP: 4/4
   312 | D:1      | Reached XP level 2. HP: 9/15 MP: 1/6
   686 | D:1      | Reached skill level 5 in Air Magic
  1699 | D:2      | Reached XP level 3. HP: 19/19 MP: 4/7
  2127 | D:2      | Found a faded altar of an unknown god.
  2138 | D:2      | Reached skill level 6 in Air Magic
  2528 | D:3      | Reached XP level 4. HP: 24/24 MP: 6/8
  3576 | D:3      | Lemondrips: !subscribe
  3578 | D:3      | beem: Subscribed. I will now watch all games of user
                  | Lemondrips.
  3724 | D:3      | Learned a level 4 spell: Airstrike
  3741 | D:4      | Found Romibbek's Antique Weapon Boutique.
  3746 | D:3      | Reached skill level 7 in Air Magic
  3746 | D:3      | Gained mutation: Your magical nature lets you fly swiftly
                  | and evasively. [Tengu growth]
  3746 | D:3      | Reached XP level 5. HP: 28/28 MP: 0/9
  4142 | D:4      | Found Amneg Fohy's Antique Weapon Shoppe.
  4206 | D:3      | Reached skill level 8 in Air Magic
  4365 | D:4      | Found a staircase to the Ecumenical Temple.
  4374 | Temple   | Entered the Ecumenical Temple
  4432 | D:4      | Reached XP level 6. HP: 32/32 MP: 4/10
  4859 | D:4      | Found a hazy altar of Hepliaklqana.
  4898 | D:4      | Found a sacrificial altar of Ru.
  4985 | D:4      | Found Unlomeil's Jewellery Shoppe.
  5295 | D:4      | Found Pew Yraz's Antique Weapon Shoppe.
  5296 | D:4      | Found a stormy altar of Qazlal.
  5424 | D:4      | Found Cyirphadgh's Distillery.
  5473 | D:4      | Bought 2 potions of curing for 60 gold pieces
  5473 | D:4      | Bought a potion of haste for 100 gold pieces
  5473 | D:4      | Bought a potion of invisibility for 80 gold pieces
  5473 | D:4      | Bought a potion of lignification for 30 gold pieces
  5640 | D:5      | Entered Level 5 of the Dungeon
  5746 | D:5      | Reached skill level 9 in Air Magic
  5781 | D:5      | Reached XP level 7. HP: 36/36 MP: 7/12
  5794 | D:5      | Found a shimmering blue altar of Sif Muna.
  5933 | D:5      | Found a hide-covered altar of Uskayaw.
  6058 | D:5      | Noticed Grinder
  6065 | D:5      | Paralysed by Grinder for 2 turns
  6071 | D:5      | Killed Grinder
  6072 | D:5      | Reached skill level 10 in Air Magic
  6091 | D:5      | Found Xodimp's Antique Weapon Boutique.
  6106 | D:5      | Found a glowing drain.
  6116 | Sewer    | Entered a sewer
  6229 | Sewer    | Noticed Purgy
  6237 | Sewer    | Killed Purgy
  6397 | D:5      | Reached skill level 11 in Air Magic
  6457 | D:5      | Reached XP level 8. HP: 41/41 MP: 4/13
  6954 | D:5      | Reached skill level 12 in Air Magic
  7402 | D:6      | Reached skill level 1 in Fighting
  7402 | D:6      | Reached skill level 1 in Evocations
  7635 | D:6      | Found a sparkling altar of Nemelex Xobeh.
  8003 | D:6      | Found a runed translucent door.
  8004 | D:6      | Noticed Crazy Yiuf
  8031 | D:6      | Noticed Blork the orc
  8049 | D:6      | Killed Blork the orc
  8061 | D:6      | Noticed Pikel
  8232 | D:5      | Killed Pikel
  8233 | D:5      | Reached skill level 13 in Air Magic
  8233 | D:5      | Reached XP level 9. HP: 33/48 MP: 1/16
  8369 | D:6      | Found a broken altar of Ashenzari.
  8380 | D:6      | Became a worshipper of Ashenzari the Shackled
  8464 | D:6      | Found a snail-covered altar of Cheibriados.
  9332 | D:7      | Noticed a hornet
  9337 | D:7      | Killed a hornet
  9338 | D:7      | Reached skill level 1 in Short Blades
  9338 | D:7      | Reached skill level 14 in Air Magic
  9600 | D:7      | Identified the +3 leather armour of Elumoil {Dex+4}
  9913 | D:7      | Found a glowing silver altar of Zin.
 10673 | D:8      | Found a shadowy altar of Dithmenos.
 10726 | D:8      | Reached skill level 1 in Shields
 11102 | D:8      | Found an ornate altar of the Wu Jian Council.
 11519 | D:7      | Reached * piety under Ashenzari
 11724 | D:8      | Reached XP level 10. HP: 48/56 MP: 12/18
 12008 | D:9      | Noticed a two-headed ogre
 12064 | D:9      | Reached skill level 1 in Armour
 12189 | D:9      | Reached ** piety under Ashenzari
 12236 | D:9      | Killed a two-headed ogre
 12554 | D:9      | Found a radiant altar of Vehumet.
 12594 | D:9      | Found a burning altar of Makhleb.
 12594 | D:9      | Noticed an Executioner
 12637 | D:10     | Entered Level 10 of the Dungeon
 12642 | D:10     | Reached skill level 15 in Air Magic
 13181 | D:10     | Found an opulent altar of Gozag.
 13220 | D:10     | Found a bloodstained altar of Trog.
 13751 | D:10     | Found a staircase to the Orcish Mines.
 13763 | D:10     | Reached skill level 16 in Air Magic
 14110 | D:10     | Reached *** piety under Ashenzari
 14593 | D:10     | Found an iron altar of Okawaru.
 14685 | D:11     | Noticed an unseen horror
 14715 | D:11     | Noticed a centaur warrior
 14720 | D:11     | Killed a centaur warrior
 14721 | D:11     | Reached XP level 11. HP: 62/62 MP: 2/20
 14926 | D:11     | Reached skill level 17 in Air Magic
 15614 | D:11     | Noticed a death yak
 15629 | D:11     | Noticed a death yak
 15898 | D:10     | Killed a death yak
 16261 | D:11     | Learned a level 9 spell: Chain Lightning
 16332 | D:11     | Found a staircase to the Lair.
 16388 | D:11     | Noticed an eight-headed hydra
 16399 | D:11     | Killed an eight-headed hydra
 16400 | D:11     | Reached skill level 18 in Air Magic
 16768 | D:11     | Noticed a death yak
 16855 | D:10     | Killed a death yak
 17026 | D:10     | Killed a death yak
 17027 | D:10     | Reached skill level 5 in Dodging
 17027 | D:10     | Reached skill level 5 in Conjurations
 17465 | D:11     | Reached **** piety under Ashenzari
 17617 | D:12     | Noticed a boulder beetle
 17646 | D:12     | Killed a boulder beetle
 17707 | D:12     | Noticed a two-headed ogre
 17801 | D:12     | Found a flagged portal.
 17828 | D:12     | Killed a two-headed ogre
 17934 | Bailey   | Entered a bailey
 18035 | Bailey   | Noticed an orc knight
 18255 | Bailey   | Noticed an orc knight
 18257 | Bailey   | Noticed an orc knight
 18265 | Bailey   | Killed an orc knight
 18266 | Bailey   | Reached XP level 12. HP: 70/70 MP: 0/22
 19218 | D:12     | Reached ***** piety under Ashenzari
 19278 | D:12     | Noticed Nessos
 19389 | D:12     | Noticed a two-headed ogre
 19407 | D:12     | Reached skill level 19 in Air Magic
 19675 | D:12     | Noticed a two-headed ogre
 19681 | D:12     | Killed a two-headed ogre
 19727 | D:12     | Killed a two-headed ogre
 19874 | D:12     | Found the +7 pair of quick blades "Gyre" and "Gimble"
                  | {protect}
 19882 | D:12     | quinnr: ??quickblades
 19882 | D:12     | beem: quickblades ~ quickblade ~ quick blade[1/2]: (short
                  | blades; +6 acc / 5 dam / 0.7 base delay / 0.3 min delay).
                  | Ultra-fast short blade. Doesn't chop hydra heads. 0.2 min
                  | delay with haste/finesse. Quick blades cannot have the
                  | speed brand.
 19882 | D:12     | quinnr: ??pair
 19882 | D:12     | beem: I don't have a page labeled pair in my learndb. Did
                  | you mean: air, fair, lair, pain.
 19882 | D:12     | quinnr: ??pair of quickblades
 19882 | D:12     | beem: I don't have a page labeled pair_of_quickblades in my
                  | learndb.
 19959 | D:12     | Killed Nessos
 20492 | Lair:1   | Entered Level 1 of the Lair of Beasts
 20492 | Lair:1   | Identified a scroll of acquirement
 20497 | Lair:1   | Reached skill level 10 in Conjurations
 20676 | Lair:1   | Acquired a staff of air
 21073 | Lair:1   | Found a one-way gate to the infinite horrors of the Abyss.
 21074 | Lair:1   | Found a corrupted altar of Lugonu.
 22109 | Lair:2   | Reached skill level 20 in Air Magic
 22378 | Lair:2   | Noticed Gastronok
 22515 | Lair:2   | Noticed a four-headed hydra
 22564 | Lair:1   | Reached XP level 13. HP: 72/75 MP: 7/23
 23383 | Lair:2   | Found a hole to the Spider Nest.
 23860 | Lair:2   | Killed Gastronok
 24185 | Lair:3   | Identified the +4 war axe "Baubi" {freeze, *Noise rPois rF-
                  | rC++}
 24505 | Lair:3   | Noticed Fannar
 24517 | Lair:3   | Killed Fannar
 25230 | Lair:2   | Reached skill level 21 in Air Magic
 26801 | Lair:3   | Learned a level 2 spell: Searing Ray
 27225 | Lair:4   | Found a gate leading to a gauntlet.
 27241 | Gauntlet | Entered a Gauntlet
 27241 | Gauntlet | Found a transporter.
 27241 | Gauntlet | Found a transporter.
 27241 | Gauntlet | Found a transporter.
 27269 | Gauntlet | Found a transporter.
 27356 | Gauntlet | Found a transporter.
 27474 | Gauntlet | Found a transporter.
 27476 | Gauntlet | Found a large runed translucent door.
 27476 | Gauntlet | Found a large runed translucent door.
 27477 | Gauntlet | Found a large runed translucent door.
 27477 | Gauntlet | Found a large runed translucent door.
 27478 | Gauntlet | Found a runed translucent door.
 27478 | Gauntlet | Found a large runed translucent door.
 27478 | Gauntlet | Found a large runed translucent door.
 27478 | Gauntlet | Found a runed translucent door.
 27478 | Gauntlet | Found a large runed translucent door.
 27478 | Gauntlet | Found a large runed translucent door.
 27483 | Gauntlet | Found a large runed translucent door.
 27483 | Gauntlet | Found a large runed translucent door.
 27483 | Gauntlet | Found a large runed translucent door.
 27483 | Gauntlet | Found a large runed translucent door.
 27484 | Gauntlet | Found a large runed translucent door.
 27484 | Gauntlet | Found a large runed translucent door.
 27484 | Gauntlet | Found a large runed translucent door.
 27484 | Gauntlet | Found a large runed translucent door.
 27488 | Gauntlet | Found a runed translucent gate.
 27488 | Gauntlet | Found a runed translucent gate.
 27488 | Gauntlet | Found a runed translucent gate.
 27489 | Gauntlet | Found a transporter.
 27489 | Gauntlet | Noticed an entropy weaver
 27509 | Gauntlet | Killed an entropy weaver
 27512 | Gauntlet | Reached XP level 14. HP: 39/84 MP: 15/27
 27730 | Gauntlet | Found a transporter.
 27739 | Gauntlet | Identified the amulet of Itriji {rElec Regen+ rCorr Str+6
                  | Stlth-}
 27933 | Lair:4   | Reached skill level 15 in Conjurations
 28240 | Lair:4   | Found a stormy altar of Qazlal.
 28240 | Lair:4   | Found a staircase to the Swamp.
 28264 | Lair:4   | Acquired a book of Chaos
 28273 | Lair:4   | Learned a level 6 spell: Conjure Ball Lightning
 28566 | Lair:4   | Identified the +6 scimitar of Skirmishing {vorpal, rElec
                  | Str-3 Int-4 SInv}
 29226 | Lair:5   | Upgraded the game from 0.27-a0-1525-g1038ab4fd7 to
                  | 0.27-a0-1529-g1e82c303ef
 29406 | Lair:5   | Reached skill level 22 in Air Magic
 32073 | Lair:5   | Found a staircase to the Slime Pits.
 32455 | Lair:6   | Entered Level 6 of the Lair of Beasts
 33221 | Lair:5   | quinnr: ??conjure ball lightning
 33221 | Lair:5   | beem: ball lightning[1/3]: A projectile monster that
                  | explodes for 3d20 elec damage. They don't exist naturally,
                  | but Conjure Ball Lightning (L6 C/A in Sky) can make them,
                  | and are also in rare abyss, swamp, and aerie vaults. Cannot
                  | be conjured over water or lava. Remember that ones conjured
                  | will explode when they time out!
 33221 | Lair:5   | quinnr: ??conjure ball lightning[2
 33221 | Lair:5   | beem: ball lightning[2/3]: Ball lightning created by
                  | Conjure Ball Lightning explodes for 3d(11.25+power/16)
                  | damage.
 33221 | Lair:5   | quinnr: ??conjure ball lightning[3
 33221 | Lair:5   | beem: ball lightning[3/3]: !lg ahrin place=tomb:3 1 -tv
 33221 | Lair:5   | quinnr: ??ally
 33221 | Lair:5   | beem: ally ~ allies ~ monster hostility[1/1]: Hostile,
                  | neutral, friendly, allied. Hostile monsters try to kill
                  | you, neutral wander around and hit whatever's in their way,
                  | friendly hit hostile monsters but not you, allied follow
                  | your commands.
 33221 | Lair:5   | quinnr: ??command
 33221 | Lair:5   | beem: command ~ commands ~ listgame[1/5]: !lg command
                  | displays info about past games. The manual is available
                  | here:
                  | https://github.com/crawl/sequell/blob/master/docs/listgame.
                  | md
 33221 | Lair:5   | quinnr: ??t
 33221 | Lair:5   | beem: tournament[1/3]: The 0.26 tournament will run from
                  | 20:00 UTC Friday 8 Jan 2021 through 20:00 UTC Sunday 24
                  | Jan. Tournament page:
                  | https://crawl.develz.org/tournament/0.26/
 33221 | Lair:5   | quinnr: ??t[2
 33221 | Lair:5   | beem: t[2/4]: t (t)ells a command to your allies or shouts
                  | for attention. T (T)akes off an armour. t (glyph) is a
                  | turtle-type monster; a class that also includes crabs and
                  | crocodilians (see t[2]). T (glyph) is a Troll-type monster
                  | (see T[3]).
 33221 | Lair:5   | quinnr: ??tell
 33221 | Lair:5   | beem: I don't have a page labeled tell in my learndb. Did
                  | you mean: gell, hell, tele, gell's, hells, +/*tele, -tele.
 33221 | Lair:5   | quinnr: ??shout
 33221 | Lair:5   | beem: shout[1/6]: Shouting is a simple attention-grabber.
                  | It wakes up sleeping monsters and tells distracted monsters
                  | where you are. Nobody seems to know the range, but it is a
                  | little bigger than LOS. Certain monsters may also shout
                  | when they see you. The effects are probably similar.
 33284 | Lair:5   | HP: 8/84 [spore (12)]
 34416 | Lair:6   | Reached skill level 23 in Air Magic
 34714 | Lair:6   | Reached XP level 15. HP: 89/89 MP: 19/28
 36035 | Lair:6   | Identified the +7 great sword "Raozuf" {vorpal, rPois rF-
                  | rC+++ Will-}
 37535 | Lair:6   | Identified the +0 pair of boots of Fiuhal {+Inv Fly Will+
                  | Str-5}
 38353 | Orc:1    | Entered Level 1 of the Orcish Mines
 39202 | Orc:2    | Entered Level 2 of the Orcish Mines
 39202 | Orc:2    | Found a runed translucent gate.
 39202 | Orc:2    | Found a runed translucent gate.
 39202 | Orc:2    | Found a runed translucent gate.
 40142 | Orc:1    | Killed by an exploding ball lightning

Illustrated notes

Levels and vault maps discovered:
D:1:      nagdon_arrival_zigzag_paths, layout_basic
D:2:      cheibrodos_old_hovel, layout_rooms, ebering_ecumenical_altar_hall,
          amethyst_killhole
D:3:      layout_basic, grunt_decor_resistance, minivault_24, minmay_vboxes
D:4:      layout_basic, mainiacjoe_overflow_cross_hatched,
          kennysheep_little_box, grunt_qazlal_clouds,
          minmay_temple_entry_antechambers, serial_shops, shop,
          nicolae_stop_n_shop_2, shop_fountains, nicolae_shop_trees,
          nicolae_stop_n_shop_1
D:5:      layout_rooms, old_standard_altar,
          nicolae_uskayaw_murder_on_the_dancefloor, serial_shops,
          nicolae_shop_statue_plus, cheibrodos_sewer_entry_bend,
          minmay_fractal_squares_gapless_5, uniq_grinder
D:6:      layout_loops_ring, amcnicky_altar_gilded,
          mainiacjoe_overflow_boulevard, kennysheep_mini_moat,
          hangedman_decor_slide_cut, uniq_blork_the_orc,
          uniq_crazy_yiuf_cottage, uniq_pikel
D:7:      layout_basic, mainiacjoe_overflow_tiny_flanked, serial_bayou_pond_d,
          st_stairs_8
D:8:      layout_basic, grunt_dithmenos_smoke, nicolae_wu_jian_wuxing_cycle
D:9:      minmay_klotski, layout_rooms, lemuel_coloured_pillars_altar,
          makhleb_altar_promises_db, chequers_serial_rivers_micro_a
D:10:     layout_basic, okawaru_metal_pillars_1_2,
          mainiacjoe_overflow_small_starburst,
          mainiacjoe_overflow_surrounded_room, minmay_orc_entry_temple_small,
          abandoned_shop, corexii_leaking_fountain
D:11:     layout_basic, dpeg_lair_monsters
D:12:     layout_loops_ring, enter_bailey_8, small_chamber_with_monster,
          kb_lookout_dungeons_type, hellmonk_guarded_unrand_gyre_and_gimble,
          uniq_nessos
D:13:     layout_roguey, uniq_josephine, uniq_sonja
Temple:   corrupted_temple
Lair:1:   layout_hall_layers, amcnicky_altar_lugonu_corruption
Lair:2:   layout_regular_city, spider_nest_entry_webs, fungi_pond_lemuel,
          uniq_gastronok
Lair:3:   minmay_lair_oklob_tunnel, layout_loops_ring, special_room
          [special_room_bee], chequers_serial_rivers_room_b, uniq_fannar
Lair:4:   layout_cave_pods, swamp_mist, gauntlet_entry_generic, basic_altar,
          grunt_megastairs_5, infiniplex_staircase_pool_2
Lair:5:   nzn_winding_woodlands_small [nzn_winding_woodlands_5x15_longhouse,
          nzn_winding_woodlands_center_pierced_h,
          nzn_winding_woodlands_5x15_default], layout_loops_ring,
          dpeg_slime_entry_corner
Lair:6:   minmay_lair_end_frog_pond, layout_regular_city, ice2_lemuel
Orc:1:    layout_caves
Orc:2:    st_orc_elflike, layout_caves, maelrawn_ghost_gauntlet_escape,
          serial_shops, shop_statue, minmay_orc_temple_c

Skill      XL: |  1  2  3  4  5  6  7  8  9 10 11 12 13 14 15 |
---------------+----------------------------------------------+-----
Air Magic      | 5 6 7 8 9 11 13 14 16 18 20 21 23 | 23.1
Stealth        | 3 4 |  4.0
Spellcasting   | 3 4 |  4.8
Fighting       | 2 3 4 |  4.0
Evocations     | 2 3 |  3.1
Dodging        | 3 4 5 6 |  6.1
Short Blades   | 1 |  1.0
Shields        | 2 3 |  3.2
Armour         | 1 |  1.2
Conjurations   | 2 7 11 14 17 18 | 18.9

Action                   |  1- 3 |  4- 6 |  7- 9 | 10-12 | 13-15 || total
-------------------------+-------+-------+-------+-------+-------++-------
Melee: Short sword       |     4 |       |       |       |       ||     4
       Spear             |     2 |     3 |    12 |       |       ||    17
       Kick              |     1 |     1 |     2 |    22 |    11 ||    37
       Peck              |     1 |       |     3 |    12 |     8 ||    24
       Dagger            |       |       |     7 |    43 |       ||    50
       Staff             |       |       |       |    12 |    48 ||    60
 Cast: Shock             |    87 |   108 |   167 |   293 |   243 ||   898
       Airstrike         |       |     9 |    50 |   196 |   377 ||   632
       Searing Ray       |       |       |       |       |    10 ||    10
       Conjure Ball Ligh |       |       |       |       |    39 ||    39
Invok: Curse Item        |       |       |     2 |     6 |     2 ||    10
       Shatter the Chain |       |       |       |     1 |     2 ||     3
Evoke: Wand              |       |       |     6 |    26 |     8 ||    40
       Box of beasts     |       |       |       |       |     2 ||     2
  Use: Scroll            |       |    10 |     2 |     2 |     2 ||    16
       Potion            |       |       |       |     1 |     5 ||     6
Armor: Robe              |     3 |     8 |     8 |       |    42 ||    61
       Leather armour    |       |       |       |    31 |     6 ||    37
Dodge: Dodged            |    13 |    24 |    41 |   127 |   236 ||   441
Block: Buckler           |       |       |       |    86 |   185 ||   271
       Reflection        |       |       |       |     5 |       ||     5

Table legend: (Time is in decaauts)
 A = Elapsed time spent in this place.
 B = Non-inter-level travel time spent in this place.
 C = Inter-level travel time spent in this place.
 D = Time resting spent in this place.
 E = Time spent auto-exploring this place.
 F = Levels seen in this place.
 G = Mean time per level.
                   A        B        C        D        E       F      G
               +--------+--------+--------+--------+--------+-----+--------+
         Total |  38907 |  37447 |   1460 |  12517 |  19415 |  25 | 1556.3 |
       Dungeon |  19454 |  18574 |    880 |   4622 |  11345 |  13 | 1496.5 |
        Temple |     38 |     27 |     11 |      0 |     27 |   1 |   38.0 |
          Lair |  16723 |  16197 |    526 |   7087 |   6831 |   6 | 2787.2 |
  Orcish Mines |    710 |    669 |     41 |    140 |    385 |   2 |  355.0 |
         Sewer |    265 |    265 |      0 |     37 |    184 |   1 |  265.0 |
        Bailey |   1183 |   1183 |      0 |    368 |    538 |   1 | 1183.0 |
      Gauntlet |    531 |    531 |      0 |    262 |    103 |   1 |  531.0 |
               +--------+--------+--------+--------+--------+-----+--------+

Top non-repeatable levels by time:
  Lair:5: 4733 daAuts
    D:10: 3770 daAuts
  Lair:4: 3305 daAuts
  Lair:6: 2591 daAuts
  Lair:2: 2310 daAuts
  Lair:3: 1963 daAuts
     D:7: 1856 daAuts
  Lair:1: 1820 daAuts
     D:3: 1716 daAuts
     D:1: 1630 daAuts
    D:12: 1598 daAuts
     D:5: 1490 daAuts
    D:11: 1455 daAuts
     D:6: 1317 daAuts
     D:4: 1315 daAuts
